 Dungeon Crawl Stone Soup version 0.30-a0-591-g3c58d2bc28 (webtiles) character file.

Game seed: 8462880279739547517

172239 OTABOTABOTAB the Black Belt (level 18, -7/170 HPs)
             Began as an Octopode Transmuter on Jan 5, 2023.
             Was an Initiate of Gozag.
             Collided with a stone wall (11 damage)
             ... caused by a wretched star
             ... on level 3 of the Abyss.
             The game lasted 01:45:05 (30196 turns).

OTABOTABOTAB the Black Belt (Octopode Transmuter)  Turns: 30196, Time: 01:45:06

Health: -7/170     AC: 26    Str: 15      XL:     18   Next: 3%
Magic:  13/32      EV: 22    Int: 14 (16) God:    Gozag
Gold:   3731       SH: 10    Dex:  8 (9)  Spells: 10/37 levels left

rFire   + + .      SeeInvis +      - Unarmed
rCold   . . .      Faith    .    O - +0 buckler
rNeg    + + .      Spirit   .    (helmet restricted)
rPois   ∞          Reflect  .    a - amulet of regeneration
rElec   +          Harm     .    b - +5 ring of evasion
rCorr   +          Rampage  .    Q - +4 ring of slaying
Will    +....                    p - ring of see invisible {sInv, !d}
Stlth   ++                       v - ring of the Falcon {rC+ rN+}
HPRegen 0.48/turn                C - ring of protection from cold {rC+, !d}
MPRegen 0.23/turn                k - ring of the Genius {rF+ rCorr Str+3}
                                 u - ring of the Octopus King {rF+ HP+2 AC+2 EV+2 SH+2}
                                 Z - ring of wizardry {Wiz+, !d}

@: statue-form, gold aura, unable to read, very slow
A: slow and powerful, torment resistance 1, boosted hp, almost no armour,
amphibious, 8 rings, camouflage 1, (gelatinous body 1), (nimble swimmer 1),
tentacles, large bone plates 1, [clumsy 2], [deterioration 2], [dopey 2],
([teleportitis 2]), [cold vulnerability 2], [subdued magic 2], [inability to
read after injury 2]
a: End Transformation, Renounce Religion, Potion Petition, Call Merchant, Bribe
Branch


You were on level 3 of the Abyss.
You worshipped Gozag.
Gozag was most pleased with you.
You were a living statue of rough stone.
You visited 5 branches of the dungeon, and saw 26 of its levels.
You visited the Abyss 1 time.
You also visited: Sewer, Bailey and Ice Cave.

You collected 12681 gold pieces.
You spent 4996 gold pieces at shops.
You paid 3954 gold pieces to Gozag.

Inventory:

Missiles
 s - 26 stones
Armour
 O - a +0 buckler (worn)
   (You took it off a deep elf knight on level 1 of the Elven Halls)
Jewellery
 a - an amulet of regeneration (around mantle)
   (You bought it in a shop on level 10 of the Dungeon)
 b - a +5 ring of evasion (left tentacle)
   (You found it on level 1 of the Dungeon)
 k - the ring of the Genius (on tentacle) {rF+ rCorr Str+3}
   (You bought it in a shop on level 2 of the Orcish Mines)

   [ring of protection from fire]

   Str:       It affects your strength (+3).
   rF:        It protects you from fire.
   rCorr:     It protects you from acid and corrosion.
 p - a ring of see invisible (on tentacle) {sInv, !d}
   (You bought it in a shop on level 2 of the Orcish Mines)
 q - an amulet of the acrobat
   (You took it off a deep elf zephyrmancer on level 2 of the Elven Halls)
 u - a ring of the Octopus King (on tentacle) {rF+ HP+2 AC+2 EV+2 SH+2}
   (You bought it in a shop on level 10 of the Dungeon)

   [ring of protection from fire]

   AC:        It affects your AC (+2).
   EV:        It affects your evasion (+2).
   rF:        It protects you from fire.
   HP:        It affects your health (+2).
   SH:        It affects your SH (+2).
 v - the ring of the Falcon (on tentacle) {rC+ rN+}
   (You found it in a bailey)

   [ring of positive energy]

   rC:        It protects you from cold.
   rN:        It protects you from negative energy.
 x - a ring of positive energy {rN+}
   (You found it on level 13 of the Dungeon)
 A - a ring of protection from cold {rC+, !d}
   (You found it on level 10 of the Dungeon)
 C - a ring of protection from cold (on tentacle) {rC+, !d}
   (You found it in a bailey)
 P - a ring of poison resistance {rPois, !d}
   (You found it on level 5 of the Lair of Beasts)
 Q - a +4 ring of slaying (right tentacle)
   (You acquired it in a sewer)
 W - an amulet of reflection
   (You bought it in a shop on level 2 of the Orcish Mines)
 Z - a ring of wizardry (on tentacle) {Wiz+, !d}
   (You found it on level 11 of the Dungeon)
Wands
 d - a wand of digging (17)
   (You found it on level 9 of the Dungeon)
 e - a wand of charming (22)
   (You found it on level 3 of the Lair of Beasts)
 i - a wand of iceblast (4)
   (You found it on level 9 of the Dungeon)
 j - a wand of polymorph (12)
   (You found it on level 7 of the Dungeon)
 t - a wand of quicksilver (13)
   (You found it on level 9 of the Dungeon)
Scrolls
 c - 2 scrolls of poison {!r}
 f - 3 scrolls of fog
 g - 2 scrolls of brand weapon
 h - 3 scrolls of amnesia
 n - 3 scrolls of torment {!r}
 y - 12 scrolls of identify {@r1}
 z - 3 scrolls of enchant weapon
 D - 2 scrolls of blinking {!r}
 E - 4 scrolls of fear
 K - 2 scrolls of enchant armour
 S - 2 scrolls of summoning
 V - 5 scrolls of vulnerability {!r!r}
 X - 4 scrolls of magic mapping {@r4!r}
 Y - 6 scrolls of teleportation {@r3}
Potions
 l - 2 potions of magic
 m - 2 potions of lignification {!q}
 o - 3 potions of cancellation
 r - a potion of attraction {unknown}
 B - 6 potions of brilliance
 G - 2 potions of ambrosia {!q}
 H - 3 potions of haste
 I - 2 potions of invisibility
 J - 13 potions of curing {@q1}
 L - 3 potions of flight
 M - 2 potions of might
 R - 3 potions of resistance
 T - 2 potions of berserk rage {!q}
 U - 2 potions of mutation {!q}
Miscellaneous
 w - a phial of floods
   (You found it in an ice cave)


   Skills:
 + Level 13.6 Fighting
 + Level 13.5 Dodging
 - Level 5.0 Shields
 + Level 16.2 Unarmed Combat
 - Level 10.0 Spellcasting
 + Level 5.4 Translocations
 - Level 15.3 Transmutations
 - Level 5.0 Ice Magic
 - Level 5.0 Earth Magic
 - Level 3.0 Poison Magic


You had 10 spell levels left.
You knew the following spells:

 Your Spells              Type           Power      Damage    Failure   Level
a - Beastly Appendage     Tmut           62%        N/A       0%          1
b - Wereblood             Tmut           31%        N/A       0%          2
c - Spider Form           Tmut/Pois      20%        N/A       1%          3
d - Ice Form              Ice/Tmut       22%        N/A       1%          4
e - Statue Form           Tmut/Erth      14%        N/A       9%          6
f - Dragon Form           Tmut           15%        N/A       6%          7
g - Manifold Assault      Tloc           13%        N/A       4%          4

Your spell library contained the following spells:

 Spells                   Type           Power      Damage    Failure   Level
 Ensorcelled Hibernation  Hex/Ice        16%        N/A       1%          2
 Passwall                 Tmut/Erth      18%        N/A       1%          2
 Ignite Poison            Fire/Tmut/Pois 15%        N/A       1%          3
 Blade Hands              Tmut           15%        N/A       1%          5
 Magic Dart               Conj           16%        1d3       3%          1
 Shock                    Conj/Air       16%        1d4       3%          1
 Vhi's Electric Charge    Tloc/Air       18%        N/A       3%          3
 Irradiate                Conj/Tmut      8%         3d14      4%          5
 Kindle Blastsparks       Fire/Tloc/Air  14%        2d11      5%          3
 Call Imp                 Summ           4%         N/A       6%          2
 Mephitic Cloud           Conj/Pois/Air  6%         N/A       8%          3
 Dazzling Flash           Conj/Hex       8%         N/A       12%         3
 Swiftness                Air            4%         N/A       12%         3
 Iskenderun's Mystic Bla  Conj/Tloc      9%         2d4       13%         4
 Leda's Liquefaction      Hex/Erth       4%         N/A       14%         4
 Lee's Rapid Deconstruct  Erth           6%         3d6*      14%         5
 Airstrike                Air            2%         2d(1-17)  38%         4
 Cause Fear               Hex            2%         N/A       38%         4
 Sticky Flame             Conj/Fire      4%         2d3       38%         4
 Freezing Cloud           Conj/Ice/Air   3%         6-21      50%         5
 Starburst                Conj/Fire      2%         6d3       99%         6
 Borgnjor's Revivificati  Necr           2%         N/A       100%        8
 Ignition                 Fire           2%         3d3       100%        8
 Dragon's Call            Summ           2%         N/A       100%        9


Dungeon Overview and Level Annotations

Branches:
Dungeon (15/15)            Temple (1/1) D:4            Lair (5/5) D:8
 Shoals (0/4) Lair:2        Snake (0/4) Lair:3        Slime (0/5) Lair:5
    Orc (2/2) D:12            Elf (3/3) Orc:2        Vaults (0/5) D:14
 Depths (0/4) D:15          Sewer (visited)          Bailey (visited)
  IceCv (visited)

Altars:
Ashenzari
Dithmenos
Elyvilon
Fedhas
Gozag
Hepliaklqana
Kikubaaqudgha
Nemelex Xobeh
Okawaru
Qazlal
Ru
Trog
Uskayaw
Wu Jian
Xom
Yredelemnul
The Shining One

Shops:
D:1 (   D:5 ?   D:6 [   D:8 *   D:10 =   D:14 *   Orc:1 (   Orc:2 [(!==
Elf:1 !   Elf:3 :   Lair:4 ::

Portals:
Abyss: Lair:1
Trove: Elf:1 (give 2 scrolls of acquirement)

Annotations:
Lair:1 2 transporters, Newt's ghost, journeyman DsGl
Elf:3 6 transporters


Innate Abilities, Weirdness & Mutations

You are a living statue of rough stone.
Your actions are slow, but your melee attacks are powerful.
You are resistant to unholy torment.
Your maximum health is greatly increased.
You are immune to poison.
You cannot wear most types of armour.
You are amphibious.
You can wear up to eight rings at the same time.
Your skin changes colour to match your surroundings (Stealth+).
((Your rubbery body absorbs attacks. (AC +1, EV +1)))
((You are camouflaged when in or above water. (Stealth+)))
You have tentacles for arms and can constrict up to eight enemies at once.
You are partially covered in large bone plates. (SH +4)
[You are very clumsy. (Dex -4)]
[Your body often deteriorates upon taking damage.]
[You are very dopey. (Int -4)]
[((You are often teleported next to monsters.))]
[You are very vulnerable to cold. (rC--)]
[Your spells are easier to cast, but less powerful.]
[You sometimes lose the ability to read scrolls when taking damage.]


Message History

a +0 dagger; a +0 robe You now have 3703 gold pieces (gained 8).
You now have 3707 gold pieces (gained 4).
You regained 2 hp, and now have 72/170 hp.
You now have 3713 gold pieces (gained 6).
You now have 3725 gold pieces (gained 12).
A white imp comes into view.
The white imp is distracted by your dazzling golden aura.
You are too injured to fight recklessly!
You are too injured to fight recklessly!
The white imp shouts, "Embrace thy failure, thou churlish roguish Cock-Lorel!"
The white imp is no longer distracted by gold.
The white imp gestures at you. You block the puff of frost.
The white imp closely misses you.
You batter the white imp!!
You kill the white imp!
Your transformation is almost over.
You now have 3731 gold pieces (gained 6).
You regained 2 hp, and now have 82/170 hp.
A wretched star comes into view.
You don't know that spell.
You tentacle-slap the wretched star. Your squeeze misses the wretched star.
The wretched star pulses with an eldritch light!
You feel clumsy.
You feel clumsy.
You feel yourself wasting away.
You feel your body start to fall apart.
You batter the wretched star!! You squeeze the wretched star.
A wretched star comes into view.
The wretched star glows turbulently.
The lance of force hits you!!
Your body deteriorates!
You feel clumsy.
You are knocked back by the lance of force.
You slam into the stone wall!
* * * LOW HITPOINT WARNING * * *
You take 35 damage, and have 49/170 hp.
MASSIVE DAMAGE!!
You tentacle-slap the wretched star. You squeeze the wretched star.
The wretched star pulses with an eldritch light!
You feel stupid. x2
The wretched star pulses with an eldritch light!
You occasionally lose the ability to read scrolls when taking damage.
You lose the ability to read scrolls when taking damage more often.
Unknown command.
You completely miss the wretched star. You thrash the wretched star!!!
You destroy the wretched star!
You revert to your normal fleshy form.
The wretched star glows turbulently.
You block the lance of force.
You now have 39/131 hp.
You bludgeon the wretched star! You squeeze the wretched star!
The wretched star glows turbulently.
The lance of force hits you!
* * * LOW HITPOINT WARNING * * *
Your body deteriorates!
You feel dopey.
You are knocked back by the lance of force.
You slam into the stone wall!
You feel threatened and lose the ability to read scrolls!
* * * LOW HITPOINT WARNING * * *
You take 24 damage, and have 15/131 hp.
You feel much better.
The wretched star glows turbulently.
The lance of force hits you!!
* * * LOW HITPOINT WARNING * * *
Your body deteriorates!
You feel dopey.
You are knocked back by the lance of force.
You slam into the stone wall!
You take 5 damage, and have 10/131 hp.
Okay, then.
You can't see that place. [Stash: a +0 dagger (...1)] [the floor.] Unknown command.
You turn into a living statue of rough stone.
You now have 14/170 hp.
The wretched star pulses with an eldritch light!
You feel vulnerable to cold. x2
Okay, then.
Unknown command.
Space momentarily warps into an impossible shape!
You thrash the wretched star!!!
The wretched star pulses with an eldritch light!
Your connection to magic feels subdued.
Your connection to magic feels more subdued.
You feel weirdly uncertain.
You feel even more weirdly uncertain.
You now have 17/32 mp.
Space momentarily warps into an impossible shape!
You barely miss the wretched star.
You can read scrolls again.
The wretched star glows turbulently.
The lance of force hits you!
You feel threatened and lose the ability to read scrolls!
* * * LOW HITPOINT WARNING * * *
You are knocked back by the lance of force.
You slam into the stone wall!
You die...
Your body crumbles into a pile of gold.

#. ##### #.
#.#.#*.#####
#.....#8#..#.#
#..# $ ###..#.
. #
#.*....##....#
#.#.)#.#......#
# ###..# .#.#.#
.# #.#..# .. .
#. ......# .#
.# .. ..#.. ..
####... ..#.. .


You could see a wretched star.

Vanquished Creatures
  Saint Roka (Orc:2)
  Rupert (D:14)
  A deep elf master archer (Elf:3)
  A deep elf blademaster (Elf:2)
  An Executioner (Abyss:3)
  A frost giant (IceCv)
  A fire giant (D:15)
  4 deep elf sorcerers (Elf:3)
  2 deep elf elementalists (Elf:3)
  An orc warlord (Orc:2)
  3 deep elf annihilators
  Azrael (D:15)
  Snorg (D:12)
  2 deep elf high priests (Elf:3)
  An ice dragon (Lair:5)
  3 centaur warriors
  A vault guard (D:14)
  4 hydras
  A two-headed ogre (shapeshifter) (Elf:2)
  3 boulder beetles
  29 dancing weapons
  9 death yaks
  An ogre mage (D:14)
  8 two-headed ogres
  2 tengu warriors (D:14)
  3 orc high priests
  10 deep elf knights
  2 wretched stars (Abyss:3)
  5 skeletal warriors (D:13)
  8 deep elf archers
  A lindwurm (Lair:5)
  A necromancer (Abyss:3)
  A harpy (Lair:2)
  A wizard (D:15)
  2 orc knights (D:15)
  6 orc sorcerers
  Pikel (D:4)
  A mana viper (Abyss:3)
  20 deep elf zephyrmancers
  A wolf spider (Lair:5)
  6 cyclopes
  18 deep elf pyromancers
  A spectral centaur (D:11)
  13 elephants
  17 ugly things
  2 manticores
  An ice statue (IceCv)
  8 black mambas
  2 guardian serpents
  A smoke demon (Abyss:3)
  An eye of devastation (Abyss:3)
  5 torpor snails (Lair:5)
  15 cane toads
  3 gargoyles
  5 large abominations (Abyss:3)
  An unseen horror zombie (D:9)
  An efreet (D:15)
  2 centaur skeletons (D:11)
  A komodo dragon (shapeshifter) (D:13)
  2 ice devils (Orc:1)
  12 rime drakes
  8 komodo dragons
  2 ancient zymes (Abyss:3)
  7 polar bears
  A polar bear (shapeshifter) (Abyss:3)
  9 trolls
  Prince Ribbit (D:6)
  13 hornets
  4 tyrant leeches (Lair:5)
  Grinder (D:4)
  15 blink frogs
  A raiju (Abyss:3)
  Sigmund (D:3)
  2 air elementals (Elf:2)
  A centaur simulacrum (D:15)
  14 slime creatures
  2 vampires
  3 water elementals
  A shadow (D:12)
  54 yaks
  2 wraiths
  16 wyverns
  2 basilisks
  A chaos spawn (Abyss:3)
  2 fire elementals
  15 vampire mosquitoes
  2 redbacks (Lair:5)
  Edmund (D:4)
  3 wargs
  Menkaure (D:4)
  A naga (Lair:3)
  31 water moccasins
  Pargi (Sewer)
  3 hell hounds (D:15)
  2 ice beasts
  2 sky beasts
  5 black bears
  41 orc warriors
  9 centaurs
  5 ogres
  24 wolves
  4 phantoms
  2 lemures (D:4)
  2 kobold brigands
  Blork the orc (D:6)
  An earth elemental (Elf:3)
  14 bullfrogs
  3 scorpions
  A necrophage (D:6)
  13 wights
  7 vampire bats (Bailey)
  24 killer bees
  2 jellies
  2 howler monkeys
  An electric eel (Lair:4)
  6 wolf zombies (Bailey)
  3 centaur zombies
  3 hounds
  23 orc priests
  A gnoll bouda (Orc:2)
  An iguana (D:5)
  17 orc wizards
  4 hell rats (Lair:4)
  6 gnolls (Orc:2)
  12 adders
  3 white imps
  A worm (D:2)
  A dart slug (D:3)
  85 orcs
  14 bats
  9 endoplasms
  4 giant cockroaches
  8 goblins
  2 hobgoblins
  12 kobolds
  4 quokkas
  6 ball pythons
  5 frilled lizards
  19 orc zombies (Bailey)
  2 rats
900 creatures vanquished.

Vanquished Creatures (others)
  A deep elf knight (Elf:1)
  A deep elf pyromancer (Elf:2)
  A water elemental (Elf:2)
  A centaur (D:12)
  33 fungi
  93 plants
  3 withered plants
133 creatures vanquished.

Grand Total: 1033 creatures vanquished

Notes
Turn   | Place    | Note
-------+----------+-------------------------------------------
     0 | D:1      | OTABOTABOTAB the Octopode Transmuter began the quest for
                  | the Orb.
     0 | D:1      | Reached XP level 1. HP: 13/13 MP: 3/3
   170 | D:1      | Reached XP level 2. HP: 18/18 MP: 1/5
   200 | D:1      | Reached skill level 1 in Poison Magic
   385 | D:1      | Found Nothout's Antique Weapon Emporium.
   632 | D:1      | Reached XP level 3. HP: 23/23 MP: 6/6
  1230 | D:2      | Reached skill level 4 in Unarmed Combat
  1233 | D:2      | Learned a level 2 spell: Wereblood
  1237 | D:2      | Learned a level 3 spell: Spider Form
  1298 | D:2      | Reached XP level 4. HP: 28/28 MP: 7/7
  1429 | D:2      | Found an iron altar of Okawaru.
  1684 | D:3      | Reached skill level 2 in Poison Magic
  1778 | D:3      | Found a basalt altar of Yredelemnul.
  1860 | D:3      | Found a glowing golden altar of the Shining One.
  1861 | D:3      | Found a hide-covered altar of Uskayaw.
  1867 | D:3      | Found a shadowy altar of Dithmenos.
  1868 | D:3      | Found a sparkling altar of Nemelex Xobeh.
  2095 | D:3      | Noticed Sigmund
  2102 | D:3      | Killed Sigmund
  2103 | D:3      | Reached skill level 5 in Unarmed Combat
  2103 | D:3      | Reached skill level 3 in Transmutations
  2103 | D:3      | Reached skill level 3 in Poison Magic
  2103 | D:3      | Reached XP level 5. HP: 11/33 MP: 4/8
  2103 | D:3      | Reached XP level 6. HP: 13/38 MP: 4/9
  2595 | D:4      | Noticed Edmund
  2620 | D:4      | HP: 9/38 [Edmund/+4 flail of protection (9)]
  2623 | D:4      | HP: 3/38 [Edmund/+4 flail of protection (7)]
  2624 | D:4      | Killed Edmund
  2757 | D:4      | Found a staircase to the Ecumenical Temple.
  2769 | D:4      | Reached skill level 6 in Unarmed Combat
  2769 | D:4      | Reached skill level 4 in Transmutations
  2774 | Temple   | Entered the Ecumenical Temple
  2940 | Temple   | Became a worshipper of Gozag Ym Sagoz the Greedy
  2964 | D:4      | Found a glowing drain.
  2983 | D:4      | Reached XP level 7. HP: 43/43 MP: 6/10
  2992 | Sewer    | Entered a sewer
  3080 | Sewer    | Noticed Pargi
  3096 | Sewer    | Killed Pargi
  3097 | Sewer    | Reached skill level 1 in Ice Magic
  3271 | Sewer    | Identified a scroll of acquirement
  3384 | D:4      | Noticed Pikel
  3395 | D:4      | Killed Pikel
  3396 | D:4      | Reached skill level 7 in Unarmed Combat
  3396 | D:4      | Reached skill level 5 in Transmutations
  3396 | D:4      | Reached skill level 3 in Ice Magic
  3396 | D:4      | Reached XP level 8. HP: 34/48 MP: 8/11
  3400 | D:4      | Noticed Grinder
  3431 | D:4      | Killed Grinder
  3432 | D:4      | Reached skill level 6 in Transmutations
  3583 | D:4      | Learned a level 4 spell: Ice Form
  3603 | D:4      | Noticed Menkaure
  3609 | D:4      | HP: 11/48 [Menkaure (14)]
  3610 | D:4      | Killed Menkaure
  3947 | D:4      | Found a blossoming altar of Fedhas.
  3950 | D:4      | Found an ancient bone altar of Kikubaaqudgha.
  4183 | D:4      | Acquired a +4 ring of slaying
  4196 | D:5      | Entered Level 5 of the Dungeon
  4211 | D:5      | Reached skill level 8 in Unarmed Combat
  4312 | D:5      | Reached skill level 2 in Fighting
  4312 | D:5      | Reached XP level 9. HP: 44/54 MP: 10/12
  4594 | D:5      | Reached skill level 3 in Dodging
  4914 | D:5      | Found Deigoes's Magic Scroll Boutique.
  4922 | D:5      | Bought a scroll of identify for 26 gold pieces
  5122 | D:6      | Reached skill level 4 in Ice Magic
  5241 | D:6      | Reached skill level 3 in Fighting
  5374 | D:6      | Reached skill level 7 in Transmutations
  5598 | D:6      | Noticed Blork the orc
  5607 | D:6      | Killed Blork the orc
  5685 | D:6      | Noticed Prince Ribbit
  5699 | D:6      | Killed Prince Ribbit
  5700 | D:6      | Reached skill level 4 in Dodging
  5916 | D:6      | Identified the +1 helmet of Beyond {+Blink rCorr Str+4}
  6049 | D:6      | Found Fuirgh's Armour Boutique.
  6093 | D:7      | Identified the +1 hand axe "Ress" {flame, rN+ Dex+2}
  6171 | D:7      | Noticed a hornet
  6187 | D:7      | Reached skill level 5 in Ice Magic
  6227 | D:7      | Killed a hornet
  6228 | D:7      | Reached skill level 4 in Fighting
  6228 | D:7      | Reached skill level 9 in Unarmed Combat
  6228 | D:7      | Reached XP level 10. HP: 58/64 MP: 13/13
  6366 | D:7      | Found a flagged portal.
  6377 | Bailey   | Entered a bailey
  6603 | Bailey   | Identified the ring of the Falcon {rC+ rN+}
  6649 | Bailey   | Noticed a gargoyle
  6655 | Bailey   | Killed a gargoyle
  6656 | Bailey   | Reached skill level 5 in Dodging
  6771 | Bailey   | Reached skill level 5 in Fighting
  6771 | Bailey   | Reached skill level 8 in Transmutations
  6894 | Bailey   | Identified the +7 chain mail of a wizard's laboratory {Harm
                  | Str-4 Stlth+}
  7274 | D:8      | Found a broken altar of Ashenzari.
  7668 | D:8      | Reached skill level 10 in Unarmed Combat
  7679 | D:8      | Reached skill level 9 in Transmutations
  7873 | D:8      | Found a staircase to the Lair.
  8000 | D:8      | Found Pun Soli's Assorted Antiques.
  8087 | D:8      | Reached skill level 10 in Transmutations
  8143 | D:8      | Reached XP level 11. HP: 69/69 MP: 14/14
  8900 | D:9      | Found a hazy altar of Hepliaklqana.
  9180 | D:9      | Acquired 992 gold pieces
  9531 | D:10     | Entered Level 10 of the Dungeon
 10098 | D:10     | Reached skill level 6 in Fighting
 10100 | D:10     | Reached skill level 6 in Dodging
 10491 | D:10     | Bought an amulet of regeneration for 450 gold pieces
 10491 | D:10     | Bought a ring of the Octopus King {rF+ HP+2 AC+2 EV+2 SH+2}
                  | for 921 gold pieces
 10491 | D:10     | Found the ring of the Octopus King {rF+ HP+2 AC+2 EV+2
                  | SH+2}
 10648 | D:11     | Noticed a two-headed ogre
 10666 | D:11     | Killed a two-headed ogre
 10836 | D:11     | Reached skill level 11 in Unarmed Combat
 10836 | D:11     | Reached skill level 11 in Transmutations
 10847 | D:11     | HP: 22/91 [centaur warrior skeleton (2)]
 10851 | D:11     | Reached skill level 7 in Fighting
 10851 | D:11     | Reached skill level 7 in Dodging
 11259 | Lair:1   | Entered Level 1 of the Lair of Beasts
 11279 | Lair:1   | Reached XP level 12. HP: 81/81 MP: 15/15
 11381 | Lair:1   | Found a transporter.
 11386 | Lair:1   | Found a transporter.
 11389 | Lair:1   | Noticed a hell hog
 11398 | Lair:1   | Found a one-way gate to the infinite horrors of the Abyss.
 11407 | Lair:1   | Noticed a rakshasa
 11491 | Lair:1   | Noticed a sun demon
 11527 | Lair:1   | Noticed Newt's ghost (journeyman DsGl)
 11559 | Lair:1   | Noticed an entropy weaver
 12622 | Lair:2   | Reached skill level 8 in Fighting
 12629 | Lair:2   | Reached skill level 8 in Dodging
 12738 | Lair:2   | Found a staircase to the Shoals.
 13352 | Lair:3   | Reached skill level 12 in Unarmed Combat
 13352 | Lair:3   | Reached skill level 12 in Transmutations
 13522 | Lair:3   | Noticed a seven-headed hydra
 13533 | Lair:3   | Killed a seven-headed hydra
 13562 | Lair:3   | Reached XP level 13. HP: 90/90 MP: 16/16
 13697 | Lair:3   | Found a staircase to the Snake Pit.
 13749 | Lair:3   | Reached skill level 9 in Fighting
 13755 | Lair:3   | Reached skill level 9 in Dodging
 14097 | Lair:3   | HP: 26/110 [death yak (13)]
 15570 | Lair:4   | Reached skill level 10 in Fighting
 15570 | Lair:4   | Reached skill level 10 in Dodging
 15570 | Lair:4   | Reached skill level 13 in Unarmed Combat
 15570 | Lair:4   | Reached skill level 13 in Transmutations
 15713 | Lair:4   | Bought a book of the Earth for 684 gold pieces
 15720 | Lair:4   | Learned a level 6 spell: Statue Form
 15744 | Lair:5   | Entered Level 5 of the Lair of Beasts
 15792 | Lair:5   | Reached skill level 1 in Earth Magic
 15961 | Lair:5   | Reached skill level 2 in Earth Magic
 16018 | Lair:5   | Reached XP level 14. HP: 99/99 MP: 17/17
 16026 | Lair:5   | Reached skill level 3 in Earth Magic
 16252 | Lair:5   | Reached skill level 4 in Earth Magic
 16572 | Lair:5   | Reached skill level 14 in Transmutations
 16572 | Lair:5   | Reached skill level 5 in Earth Magic
 16645 | Lair:5   | Found a staircase to the Slime Pits.
 16811 | Lair:5   | Found a runed translucent door.
 17699 | Lair:4   | Bought a book of the Dragon for 460 gold pieces
 18682 | D:12     | Found a staircase to the Orcish Mines.
 18742 | D:12     | Noticed Snorg
 18753 | D:12     | Killed Snorg
 18754 | D:12     | Reached skill level 3 in Spellcasting
 18962 | D:12     | Found a shimmering altar of Xom.
 19234 | Orc:1    | Entered Level 1 of the Orcish Mines
 19269 | Orc:1    | Found Qysom's Weapon Shop.
 19385 | Orc:1    | Found a frozen archway.
 19445 | IceCv    | Entered an ice cave
 19453 | IceCv    | Reached skill level 11 in Fighting
 19453 | IceCv    | Reached skill level 11 in Dodging
 19484 | IceCv    | Reached XP level 15. HP: 106/106 MP: 20/20
 19562 | IceCv    | Reached skill level 4 in Spellcasting
 19687 | IceCv    | Noticed a frost giant
 19708 | IceCv    | Killed a frost giant
 19887 | IceCv    | Reached skill level 5 in Spellcasting
 20027 | Orc:2    | Entered Level 2 of the Orcish Mines
 20143 | Orc:2    | Found a staircase to the Elven Halls.
 20222 | Orc:1    | You fall into a shaft and drop 1 floor!
 20222 | Orc:2    | Noticed an orc warlord
 20606 | Orc:2    | Killed an orc warlord
 20612 | Orc:2    | Reached skill level 14 in Unarmed Combat
 21059 | Orc:2    | Noticed Saint Roka
 21070 | Orc:2    | HP: 35/141 [orc warrior/+0 halberd (12)]
 21435 | Orc:2    | Found Dotaumir's Distillery.
 21493 | Orc:2    | Learned a level 7 spell: Dragon Form
 21745 | Orc:2    | Killed Saint Roka
 21746 | Orc:2    | Reached skill level 15 in Transmutations
 21794 | Orc:2    | Found Ereeptac's Antique Weapon Shoppe.
 21796 | Orc:2    | Found Fookhesi's Antique Armour Emporium.
 21898 | Orc:2    | Found Zonyul's Jewellery Shoppe.
 22011 | Orc:2    | Bought the ring of the Genius {rF+ rCorr Str+3} for 614
                  | gold pieces
 22305 | Orc:2    | Bought a ring of see invisible for 210 gold pieces
 22396 | D:13     | Reached skill level 6 in Spellcasting
 23148 | D:14     | Reached skill level 12 in Fighting
 23149 | D:14     | Reached skill level 12 in Dodging
 23182 | D:14     | Noticed Rupert
 23189 | D:14     | Killed Rupert
 23228 | D:14     | Found Meazaum's General Store.
 23244 | D:14     | Reached XP level 16. HP: 114/114 MP: 20/26
 23299 | D:14     | Found a stormy altar of Qazlal.
 23505 | D:14     | Reached skill level 7 in Spellcasting
 23828 | D:14     | Reached skill level 15 in Unarmed Combat
 23843 | D:14     | Reached skill level 8 in Spellcasting
 23919 | D:14     | Found a gate to the Vaults.
 24104 | D:15     | Entered Level 15 of the Dungeon
 24114 | D:15     | Noticed Azrael
 24122 | D:15     | Killed Azrael
 24211 | D:15     | Found a staircase to the Depths.
 24318 | D:15     | Reached skill level 9 in Spellcasting
 24497 | D:15     | Found a sacrificial altar of Ru.
 24514 | D:15     | Found a shadowy altar of Dithmenos.
 25146 | Elf:1    | Entered Level 1 of the Elven Halls
 25244 | Elf:1    | Reached skill level 10 in Spellcasting
 25556 | Elf:1    | Found a portal to a secret trove of treasure.
 25963 | Elf:1    | HP: 35/152 [deep elf archer/arrow (20)]
 25980 | Elf:1    | HP: 30/152 [deep elf archer/arrow (16)]
 25985 | Elf:1    | HP: 6/152 [deep elf archer/arrow (15)]
 25990 | Elf:1    | HP: 24/152 [deep elf archer/arrow (7)]
 25995 | Elf:1    | HP: 32/152 [deep elf archer/arrow (20)]
 25995 | Elf:1    | HP: 14/152 [deep elf archer/arrow (18)]
 26242 | Orc:2    | Bought an amulet of reflection for 510 gold pieces
 26377 | Elf:1    | Reached skill level 1 in Shields
 26417 | Elf:1    | Reached skill level 2 in Shields
 26530 | Elf:1    | Found Tiesua Azoupt's Distillery.
 26538 | Elf:1    | Bought a potion of curing for 57 gold pieces
 26538 | Elf:1    | Bought a potion of heal wounds for 95 gold pieces
 26538 | Elf:1    | Bought a potion of curing for 57 gold pieces
 26538 | Elf:1    | Bought 2 potions of curing for 114 gold pieces
 26538 | Elf:1    | Bought a potion of curing for 57 gold pieces
 26538 | Elf:1    | Bought a potion of curing for 57 gold pieces
 26568 | Elf:1    | Reached skill level 3 in Shields
 26820 | Elf:2    | Reached skill level 4 in Shields
 26820 | Elf:2    | Reached XP level 17. HP: 118/120 MP: 26/31
 26829 | Elf:2    | Reached skill level 5 in Shields
 26836 | Elf:2    | Found a runed translucent gate.
 27119 | Lair:4   | Bought the Grimoire of Geometries and the Graveyard for 684
                  | gold pieces
 27124 | Lair:4   | Learned a level 4 spell: Manifold Assault
 27368 | Elf:2    | Found a runed translucent gate.
 27368 | Elf:2    | Found a runed translucent gate.
 27457 | Elf:2    | Reached skill level 1 in Translocations
 27667 | Elf:2    | Identified the +9 hand axe of Defence {flame, rPois rN+
                  | Dex-5}
 27900 | Elf:2    | Paralysed by an air elemental for 1 turns
 27902 | Elf:2    | Paralysed by an air elemental for 1 turns
 27903 | Elf:2    | Gained mutation: You have hidden genetic defects.
                  | [mutagenic glow]
 28071 | Elf:2    | Paralysed by an air elemental for 1 turns
 28073 | Elf:2    | Paralysed by an air elemental for 1 turns
 28074 | Elf:2    | Reached skill level 2 in Translocations
 28346 | Elf:2    | Reached skill level 3 in Translocations
 28475 | Elf:2    | Gained mutation: You are frail. (-10% HP) [hidden defects]
 28486 | Elf:2    | Reached skill level 13 in Fighting
 28501 | Elf:2    | Noticed a deep elf blademaster
 28502 | Elf:2    | Reached skill level 13 in Dodging
 28509 | Elf:2    | Killed a deep elf blademaster
 28722 | Elf:2    | Reached skill level 4 in Translocations
 28723 | Elf:2    | Lost mutation: You are frail. (-10% HP) [potion of
                  | mutation]
 28723 | Elf:2    | Lost mutation: You have hidden genetic defects. [potion of
                  | mutation]
 28723 | Elf:2    | Gained mutation: You are partially covered in large bone
                  | plates. (SH +4) [potion of mutation]
 28876 | Elf:3    | Entered Level 3 of the Elven Halls
 28943 | Elf:3    | Found a transporter.
 28944 | Elf:3    | Found a transporter.
 29248 | Elf:3    | Found Jafal's Book Emporium.
 29318 | Elf:3    | Found a transporter.
 29329 | Elf:3    | Found a transporter.
 29345 | Elf:3    | Found a transporter.
 29346 | Elf:3    | Found a transporter.
 29628 | Elf:3    | Noticed a deep elf blademaster
 29631 | Elf:3    | Reached skill level 16 in Unarmed Combat
 29635 | Elf:3    | Noticed a deep elf master archer
 29638 | Elf:3    | HP: 37/162 [deep elf annihilator/crystal spear (61)]
 29999 | Elf:3    | Killed a deep elf master archer
 30031 | Elf:3    | Reached skill level 5 in Translocations
 30037 | Elf:3    | Identified the +0 halberd of Koxusuwn {spect, rPois rCorr
                  | Int-2}
 30038 | Elf:3    | Identified the +0 robe of Exei {rC+}
 30055 | Abyss:3  | Cast into level 3 of the Abyss (a deep elf sorcerer)
 30091 | Abyss:3  | Noticed an Executioner
 30095 | Abyss:3  | Killed an Executioner
 30155 | Abyss:3  | Reached XP level 18. HP: 63/103 MP: 14/32
 30190 | Abyss:3  | HP: 25/131 [wretched star/lance of force (14)]
 30191 | Abyss:3  | Trevise: HAI
 30191 | Abyss:3  | OTABOTABOTAB: hi
 30191 | Abyss:3  | OTABOTABOTAB: you come at a bad time lol
 30191 | Abyss:3  | Trevise: Did I show up to you die
 30191 | Abyss:3  | HP: 10/131 [wretched star/lance of force (25)]
 30192 | Abyss:3  | OTABOTABOTAB: maybe i hope not lol
 30196 | Abyss:3  | HP: 4/170 [wretched star/lance of force (11)]
 30196 | Abyss:3  | Collided with a stone wall

Illustrated notes

Levels and vault maps discovered:
D:1:      matt_arrival_refuge, layout_basic, serial_shops, shop
D:2:      layout_loops_ring, basic_altar, minmay_indecisive_spiral
D:3:      layout_loops_ring, mainiacjoe_overflow_alcove_1,
          chequers_temple_overflow_statue_of_worship, mrwooster_statue_mirror,
          grunt_decor_arrowhead, uniq_sigmund
D:4:      layout_basic, grunt_temple_overflow_growth_and_decay,
          minmay_temple_entry_proselytizer, gup_sewer_entry_glass,
          hangedman_decor_riveting, amcnicky_mini_rare_corridor_liquid,
          uniq_grinder, uniq_edmund, uniq_pikel, uniq_menkaure
D:5:      layout_cave_pods, serial_shops, shop, st_stairs_2
D:6:      layout_basic, serial_shops, kennysheep_little_box,
          uniq_prince_ribbit1, uniq_blork_the_orc
D:7:      layout_rooms, enter_bailey_6
D:8:      layout_gridville, lemuel_round_altar, minmay_lair_entry_grove,
          serial_shops, shop
D:9:      layout_cross, nicolae_hepliaklqana_hazy_memory, serial_undead,
          serial_undead_c, serial_undead_c, serial_undead_b, serial_undead_c,
          serial_undead_f, serial_undead_d
D:10:     layout_stronghold
D:11:     layout_rooms, chequers_serial_rivers_small_3, hangedman_weighted_door
D:12:     layout_long_grid, hiddenorc1_lemuel, tgw_xom, uniq_snorg
D:13:     layout_irregular_city
D:14:     layout_loops_ring, david_vaults_5, kennysheep_pointless_box,
          serial_shops, shop, nicolae_qazlal_style_of_elements, uniq_rupert
D:15:     grunt_enter_depths_giant_problem, layout_long_grid,
          nicolae_ru_the_path_less_chosen, grunt_dithmenos_smoke, uniq_azrael
Temple:   nicolae_temple_figure_eight
Lair:1:   layout_loops_ring, gammafunk_ghost_abyssal_escape,
          infiniplex_staircase_pool
Lair:2:   layout_regular_city, nicolae_shoals_entry_roost, columned_hall_lemuel
Lair:3:   layout_chaotic_city, guppyfry_snake_entry_island, pond,
          grunt_megastairs_1, infiniplex_staircase_pool_2, serial_bayou_shore_b,
          lemuel_fruit_tree, lemuel_fruit_fields, serial_bayou_shore_b
Lair:4:   layout_gridlike
Lair:5:   hangedman_lair_tendril_chambers, layout_misc_corridors, wormcave,
          slime_entry_1, eino_small_chamber_without_monster
Orc:1:    layout_diamond_mine, portal_ice_cave_demonic_guard, serial_shops, shop
Orc:2:    grunt_orc_community_town_hall, layout_caves,
          grunt_orc_community_big_house_2, grunt_orc_community_big_house_2,
          grunt_orc_community_house_1, grunt_orc_community_house_3,
          grunt_orc_community_house_3, grunt_orc_community_house_2, basic_altar,
          rock_pile
Elf:1:    layout_geoelf_diagonals, serial_shops, nicolae_shop_statue_plus,
          nicolae_trove_entry_diagonal, minmay_elf_crystal_hexagon
Elf:2:    nicolae_elf_blades_crystal_corner, layout_onion_city,
          fake_guardian_serpent_vault
Elf:3:    minmay_elf_hall_spiked, layout_geoelf_diagonals, serial_shops,
          nicolae_shop_trees, serial_nicolae_subway, nicolae_sub_station_metal,
          nicolae_sub_station_stone, nicolae_sub_station_crystal
Abyss:3:  base: Depths:1, base: Vaults:5, base: D:3, base: Desolation,
          hangedman_decor_riveting, hangedman_abyss_lost_library,
          spicy_abyss_helpful_harpoons, hangedman_decor_riveting

Skill      XL: |  1  2  3  4  5  6  7  8  9 10 11 12 13 14 15 16 17 |
---------------+----------------------------------------------------+-----
Poison Magic   | 1 3 |  3.0
Unarmed Combat | 4 5 6 7 8 9 10 11 12 13 14 15 16 | 16.2
Transmutations | 3 4 5 6 7 10 11 12 13 14 15 | 15.3
Ice Magic      | 3 5 |  5.0
Fighting       | 2 4 5 7 8 10 11 12 13 | 13.6
Dodging        | 4 5 7 8 10 11 12 13 | 13.5
Earth Magic    | 2 5 |  5.0
Spellcasting   | 3 6 10 | 10.0
Shields        | 4 5 |  5.0
Translocations | 5 |  5.4

Action                   |  1- 3 |  4- 6 |  7- 9 | 10-12 | 13-15 | 16-18 || total
-------------------------+-------+-------+-------+-------+-------+-------++-------
Melee: Unarmed           |    23 |    31 |    26 |   552 |   948 |   454 ||  2034
       Kick              |     9 |     5 |    45 |     1 |       |       ||    60
       Constrict         |    13 |     8 |    22 |     2 |    96 |   102 ||   243
       Tentacles         |    10 |     8 |    30 |    11 |   163 |   128 ||   350
       Short sword       |    43 |    31 |    96 |    37 |     2 |       ||   209
       Flail             |       |     4 |    10 |       |       |       ||    14
       Punch             |       |     1 |     6 |     7 |    72 |    60 ||   146
       Tailslap          |       |       |       |       |       |     6 ||     6
       Bite              |       |       |       |       |       |     2 ||     2
Throw: Stone             |     2 |       |       |       |       |       ||     2
 Cast: Beastly Appendage |     8 |     9 |    25 |     1 |     1 |       ||    44
       Spider Form       |       |     5 |     3 |     5 |     2 |       ||    15
       Wereblood         |       |       |     3 |     4 |     3 |       ||    10
       Ice Form          |       |       |     3 |    62 |    31 |       ||    96
       Statue Form       |       |       |       |       |    73 |    77 ||   150
       Dragon Form       |       |       |       |       |       |     1 ||     1
       Manifold Assault  |       |       |       |       |       |     7 ||     7
Invok: Call Merchant     |       |       |       |     1 |     3 |       ||     4
 Abil: End Transformatio |     6 |     9 |     8 |    34 |    52 |    41 ||   150
       Breathe Fire      |       |       |       |       |       |     1 ||     1
Evoke: Wand              |       |       |       |       |     1 |     1 ||     2
  Use: Potion            |       |     1 |       |     1 |     6 |    13 ||    21
       Scroll            |       |       |    17 |     9 |     5 |     6 ||    37
 Stab: Sleeping          |    10 |     6 |     4 |       |       |     1 ||    21
       Distracted        |       |       |     2 |     2 |     8 |     3 ||    15
Armor: Skin              |    10 |     1 |    19 |   155 |   269 |   172 ||   626
Dodge: Dodged            |    37 |    39 |   121 |   562 |  1030 |   408 ||  2197
Block: Other             |       |       |       |    16 |    65 |    14 ||    95
       Buckler           |       |       |       |       |       |   152 ||   152
       Reflection        |       |       |       |       |       |    18 ||    18

Table legend: (Time is in decaauts)
 A = Elapsed time spent in this place.
 B = Non-inter-level travel time spent in this place.
 C = Inter-level travel time spent in this place.
 D = Time resting spent in this place.
 E = Time spent auto-exploring this place.
 F = Levels seen in this place.
 G = Mean time per level.
                   A        B        C        D        E       F      G
               +--------+--------+--------+--------+--------+-----+--------+
         Total |  31623 |  29625 |   1998 |   1991 |  20585 |  30 | 1054.1 |
       Dungeon |  15125 |  14154 |    971 |   1020 |  10637 |  15 | 1008.3 |
        Temple |    175 |    167 |      8 |      0 |    157 |   1 |  175.0 |
          Lair |   6837 |   6311 |    526 |      0 |   4825 |   5 | 1367.4 |
  Orcish Mines |   2909 |   2684 |    225 |    336 |   1318 |   2 | 1454.5 |
   Elven Halls |   4926 |   4660 |    266 |    490 |   2992 |   3 | 1642.0 |
         Abyss |    180 |    180 |      0 |      0 |      0 |   1 |  180.0 |
         Sewer |    299 |    299 |      0 |     73 |    159 |   1 |  299.0 |
        Bailey |    572 |    572 |      0 |     72 |     95 |   1 |  572.0 |
      Ice Cave |    596 |    596 |      0 |      0 |    402 |   1 |  596.0 |
               +--------+--------+--------+--------+--------+-----+--------+

Top non-repeatable levels by time:
   Orc:2: 2420 daAuts
  Lair:5: 2138 daAuts
   Elf:2: 1820 daAuts
   Elf:1: 1804 daAuts
    D:12: 1517 daAuts
     D:8: 1516 daAuts
   Elf:3: 1302 daAuts
  Lair:2: 1296 daAuts
  Lair:4: 1290 daAuts
  Lair:3: 1270 daAuts
     D:4: 1208 daAuts
    D:14: 1132 daAuts
    D:10: 1033 daAuts
    D:15: 1002 daAuts
     D:6: 991 daAuts

Table legend:
 A = Kills in this place as a percentage of kills in entire the game.
 B = Kills by you in this place as a percentage of kills by you in the entire game.
 C = Kills by friends in this place as a percentage of kills by friends in the entire game.
 D = Other kills in this place as a percentage of other kills in the entire game.
 E = Experience gained in this place as a percentage of experience gained in the entire game.
 F = Experience gained in this place divided by the number of levels of this place that you have seen.
                   A       B       C       D       E      F
               +-------+-------+-------+-------+-------+----------------------
         Total | 100.0 | 100.0 |   N/A | 100.0 | 100.0 | 8201.9
       Dungeon |  38.7 |  38.8 |   N/A |   0.0 |  27.4 | 4488.6
          Lair |  23.2 |  23.3 |   N/A |   0.0 |  23.7 | 11682.0
  Orcish Mines |  14.7 |  14.7 |   N/A |   0.0 |   6.7 | 8211.0
   Elven Halls |  13.3 |  13.1 |   N/A | 100.0 |  33.2 | 27196.3
         Abyss |   2.0 |   2.0 |   N/A |   0.0 |   3.5 | 8503.0
         Sewer |   0.4 |   0.4 |   N/A |   0.0 |   0.1 | 150.0
        Bailey |   3.8 |   3.8 |   N/A |   0.0 |   0.6 | 1470.0
      Ice Cave |   3.9 |   3.9 |   N/A |   0.0 |   5.0 | 12183.0
               +-------+-------+-------+-------+-------+----------------------
